Map: Blackburn LE

Players

Pumba - Winner!

  • Race: Protoss Protoss
  • League: Diamond
  • Spawn Location: 5:00

Deas

  • Race: Terran Terran
  • League: Diamond
  • Spawn Location: 7:00

VOD

Have the link to the VOD?

Description

Time

  • Played on: March 8, 2022, 8:24 p.m.
  • Length: 5:34
Show
View Real Time Build Order
Export as new Build Order

Pumba Protoss - Winner!

Build Orders: 1 Gate Expand, Colossus Rush 

Get SALT Encoding   

  12  0:00  Probe  
  13  0:12  Probe  
  14  0:17  Pylon  
  14  0:24  Probe  
  15  0:37  Probe (Chrono Boost)  
  15  0:38  Gateway  
  16  0:47  Assimilator  
  16  0:48  Probe (Chrono Boost)  
  17  0:52  Probe (Chrono Boost)  
  18  1:03  Probe  
  19  1:15  Probe  
  20  1:27  Cybernetics Core  
  20  1:40  Nexus  
  20  1:45  Probe, Pylon  
  21  1:53  Assimilator  
  21  1:57  Probe  
  22  2:02  Stalker (Chrono Boost)  
  24  2:09  Probe  
  25  2:17  Warp Gate  
  25  2:21  Probe  
  26  2:34  Adept  
  26  2:35  Probe  
  29  2:39  Robotics Facility  
  29  2:46  Shield Battery  
  29  2:52  Pylon  
  29  2:53  Probe (Chrono Boost)  
  31  2:59  Probe (Chrono Boost)  
  31  3:03  Probe (Chrono Boost)  
  33  3:07  Probe (Chrono Boost)  
  33  3:08  Probe (Chrono Boost)  
  34  3:17  Probe  
  34  3:18  Pylon  
  36  3:20  Probe  
  36  3:23  Stalker  
  38  3:29  Observer (Chrono Boost)  
  38  3:32  Robotics Bay  
  39  3:38  Gateway  
  39  3:40  Probe x2  
  41  3:47  Gateway  
  41  3:57  Shield Battery  
  41  3:58  Probe x2  
  41  4:01  Warp Prism (Chrono Boost)  
  45  4:10  Probe x2  
  45  4:15  Pylon  
  47  4:17  Stalker  
  49  4:25  Shield Battery  
  49  4:26  Colossus (Chrono Boost)  
  49  4:30  Pylon  
  55  4:35  Pylon x2  
  54  4:53  Stalker x3  
  52  5:07  Probe x2  
  48  5:19  Probe x2  
  47  5:28  Pylon  
  45  5:30  Pylon  
Show
View Real Time Build Order
Export as new Build Order

Deas Terran 

Build Orders:  

Get SALT Encoding   

  12  0:00  SCV  
  13  0:12  SCV  
  14  0:17  Supply Depot  
  14  0:24  SCV  
  15  0:39  SCV  
  15  0:40  Barracks  
  16  0:51  SCV  
  17  1:01  Supply Depot, Engineering Bay  
  17  1:05  SCV  
  18  1:17  SCV  
  19  1:27  Marine  
  20  1:36  Orbital Command  
  20  1:45  Marine  
  21  2:03  SCV, Marine  
  23  2:18  Barracks x2  
  23  2:20  Barracks, SCV  
  23  2:21  Barracks, Marine  
  25  2:25  Barracks  
  25  2:34  SCV  
  26  2:38  Bunker  
  26  2:39  Marine  
  27  2:47  Supply Depot  
  27  2:48  Supply Depot  
  27  2:50  Supply Depot  
  27  2:52  SCV  
  28  3:04  SCV  
  28  3:19  Marine x6  
  32  3:24  SCV  
  35  3:37  Marine x5  
  40  3:43  Marine  
  40  3:44  SCV  
  42  3:55  Marine x5  
  46  3:57  SCV  
  46  4:00  Marine  
  49  4:09  SCV  
  50  4:12  Marine  
  50  4:13  Marine x3  
  50  4:14  Marine  
  55  4:33  Marine  
  55  4:36  Marine  
  55  4:40  Marine  
  55  4:44  Marine  
  52  4:53  Marine x3  
  52  4:54  Marine  
  52  4:58  Marine  
  48  5:02  Marine  
  32  5:19  SCV  
Tags
 
Add a new tag
Caveats
  • Supply blocks, unpowered buildings, or Contaminate may cause inaccurate times.
  • Supply counts are checked every 10 seconds.